 Dungeon Crawl Stone Soup version 0.31.0-11-ge490571c62 (webtiles) character file.

Game seed: 15430281045697932467

108 qw the Skirmisher (level 4, -1/25 HPs)
             Began as a Deep Elf Hunter on Feb 4, 2024.
             Slain by Duvessa
             ... wielding a +0 rapier
              (4 damage)
             ... on level 3 of the Dungeon.
             The game lasted 00:01:31 (2722 turns).

qw the Skirmisher (Deep Elf Hunter)                 Turns: 2722, Time: 00:01:32

Health: -1/25      AC:  6    Str: 16    XL:     4   Next: 58%
Magic:  6/6        EV: 11    Int: 14    God:
Gold:   213        SH:  0    Dex: 18    Spells: 3/3 levels left

rFire   . . .        a - +0 shortbow
rCold   . . .        (shield currently unavailable)
rNeg    . . .        f - +0 ring mail
rPois   .            (no helmet)
rElec   .            (no cloak)
rCorr   .            h - +0 pair of gloves
SInv    .            (no boots)
Will    .....        (no amulet)
Stlth   +            j - +6 ring of strength
HPRegen 0.24/turn    (no ring)
MPRegen 0.10/turn

%: no passive effects
@: about to teleport
A: no striking features
a: no special abilities


You were on level 3 of the Dungeon.
You visited 1 branch of the dungeon, and saw 4 of its levels.

You collected 213 gold pieces.


   Skills:
 - Level 1.5 Fighting
 + Level 8.0 Ranged Weapons
 - Level 2.5 Dodging
 - Level 1.2 Stealth


You had 3 spell levels left.
You didn't know any spells.
Your spell library was empty.

Inventory:

Hand Weapons
 a - a +0 shortbow (weapon)
Armour
 f - a +0 ring mail (worn)
 h - a +0 pair of gloves (worn)
Jewellery
 j - a +6 ring of strength (left hand)
Scrolls
 e - a scroll of identify
Potions
 b - a potion of mutation
 g - a potion of might

Dungeon Overview and Level Annotations

Branches:
Dungeon (4/15)
 Temple: D:4-7

Altars:
Ru

Annotations:
D:3 Dowan, Duvessa
D:4 Natasha


Message History

You climb upwards.
There is a stone staircase leading down here.
You shoot an arrow. The arrow hits Duvessa.
Duvessa is lightly wounded.
Duvessa misses you. Dowan closely misses you.
You shoot an arrow.
The arrow hits Duvessa but does no damage.
Duvessa is lightly wounded.
Dowan closely misses you. Duvessa misses you. Dowan barely misses you.
You shoot an arrow. The arrow hits Duvessa.
Duvessa is lightly wounded.
Duvessa hits you but does no damage.
Dowan casts a spell.
Dowan blinks!
You shoot an arrow. The arrow barely misses Duvessa.
Duvessa hits you but does no damage.
Dowan mumbles some strange words.
Dowan blinks!
You shoot an arrow.
The arrow hits Duvessa but does no damage.
Duvessa is lightly wounded.
Duvessa hits you with a +0 rapier.
2719 ||| READING 2 scrolls of teleportation.
As you read the scroll of teleportation, it crumbles to dust.
You feel strangely unstable. Duvessa closely misses you.
Dowan hits you with a +0 dagger of speed.
Dowan hits you but does no damage.
You shoot an arrow. The arrow barely misses Duvessa.
Duvessa hits you but does no damage.
Dowan hits you with a +0 dagger of speed.
You shoot an arrow. The arrow hits Duvessa.
Duvessa is lightly wounded.
Your surroundings seem slightly different.
2722 ||| READING scroll of teleportation.
As you read the scroll of teleportation, it crumbles to dust.
You feel strangely unstable.
Dowan casts a spell.
Dowan blinks!
Duvessa hits you with a +0 rapier.
You die...

#.###..# #####..# #.##.##
#......# #..#######.##.#
#####.## #.e........##.#
#####.### ##'###########.#
#.......# ##...## #.# #.###.#.#
##.....#########.# # #.###...#
##................#
####.##%...###>........####....#
.............+¤e@......+.......#
####.......###.........##......#
# #####..## ##.......###.##..##
# ##)# ##......###.###.# # #.#
##...#.........# # #.#
##+######.##### # #.# #.#.####.#
#.# #..#.....# #.# ##.#.######


You could see Duvessa and Dowan.

Vanquished Creatures
  4 adders
  2 dart slugs
  A ribbon worm (D:2)
  An orc (D:3)
  7 bats
  5 endoplasms
  4 giant cockroaches
  6 goblins
  5 hobgoblins
  2 jackals (D:1)
  7 kobolds
  3 quokkas
  8 ball pythons
  4 frilled lizards
  4 rats
63 creatures vanquished.

Notes
Turn   | Place    | Note
-------+----------+-------------------------------------------
     0 | D:1      | qw the Deep Elf Hunter began the quest for the Orb.
     0 | D:1      | Reached XP level 1. HP: 12/12 MP: 3/3
     0 | D:1      | 0 ||| qw: Version: 0.3-a-160-g6735b56
     0 | D:1      | 0 ||| qw: Game counter: 5883
     0 | D:1      | 0 ||| qw: Melee chars always use a shield: true
     0 | D:1      | 0 ||| qw: God list: Okawaru
     0 | D:1      | 0 ||| qw: Allow faded altars: false
     0 | D:1      | 0 ||| qw: Do Orc after clearing Dungeon:15 true
     0 | D:1      | 0 ||| qw: Do second Lair branch before Depths: true
     0 | D:1      | 0 ||| qw: Lair rune preference: random
     0 | D:1      | 0 ||| qw: Goals: Normal
     0 | D:1      | 0 ||| PLANNING D:1-11
    57 | D:1      | Reached XP level 2. HP: 16/16 MP: 4/4
    59 | D:1      | Reached skill level 6 in Ranged Weapons
   590 | D:1      | Reached XP level 3. HP: 20/20 MP: 5/5
   710 | D:1      | 710 ||| DROPPING amulet of magic regeneration.
   711 | D:1      | 711 ||| READING 3 scrolls labelled FIATZU MIYMA.
   711 | D:1      | 711 ||| IDENTIFYING scroll labelled ZYIRIFAISH
   712 | D:1      | 712 ||| READING 2 scrolls of identify.
   712 | D:1      | 712 ||| IDENTIFYING scroll labelled ANAPPIEMOA
   713 | D:1      | 713 ||| READING scroll of identify.
   713 | D:1      | 713 ||| IDENTIFYING scroll labelled IHUCIG DAZAPN
   714 | D:1      | 714 ||| DROPPING scroll of butterflies.
   715 | D:1      | 715 ||| DROPPING scroll of revelation.
   716 | D:1      | 716 ||| DROPPING scroll of fog.
   717 | D:1      | 717 ||| DROPPING scroll of fear.
   855 | D:2      | Reached skill level 7 in Ranged Weapons
   872 | D:2      | 872 ||| FLEEEEING.
  1356 | D:2      | 1356 ||| UPGRADING to +6 ring of strength.
  1357 | D:2      | 1357 ||| READING scroll of identify.
  1357 | D:2      | 1357 ||| IDENTIFYING orange potion
  1358 | D:2      | 1358 ||| READING scroll labelled TYTIAGA JYKOZ.
  1358 | D:2      | 1358 ||| ENCHANTING +0 shortbow.
  1359 | D:2      | 1359 ||| READING scroll labelled YRCHAC MIUTHEZ.
  1360 | D:2      | 1360 ||| READING scroll labelled MENEMU NIHEGY.
  1364 | D:2      | 1364 ||| READING scroll labelled LIUMITA HEDUCE.
  1400 | D:2      | 1400 ||| READING scroll labelled YJOBO OHELOVEDGH.
  1587 | D:3      | Reached XP level 4. HP: 25/25 MP: 6/6
  1693 | D:3      | Found a sacrificial altar of Ru.
  2241 | D:3      | Reached skill level 8 in Ranged Weapons
  2345 | D:3      | 2345 ||| UPGRADING to +0 ring mail.
  2355 | D:3      | 2355 ||| DROPPING +0 leather armour.
  2356 | D:3      | 2356 ||| UPGRADING to +0 pair of gloves.
  2361 | D:3      | 2361 ||| READING 2 scrolls of identify.
  2361 | D:3      | 2361 ||| IDENTIFYING amethyst potion
  2378 | D:4      | Noticed Duvessa
  2378 | D:4      | Noticed Dowan
  2379 | D:4      | Noticed Natasha
  2381 | D:4      | 2381 ||| STAIRDANCE
  2445 | D:4      | 2445 ||| STAIRDANCE
  2456 | D:4      | 2456 ||| STAIRDANCE
  2460 | D:4      | 2460 ||| STAIRDANCE
  2499 | D:4      | 2499 ||| STAIRDANCE
  2499 | D:4      | HP: 6/25 [Duvessa/+0 rapier (8)]
  2578 | D:4      | 2578 ||| STAIRDANCE
  2589 | D:4      | 2589 ||| STAIRDANCE
  2634 | D:4      | 2634 ||| STAIRDANCE
  2634 | D:4      | HP: 6/25 [Duvessa/+0 rapier (8)]
  2712 | D:4      | 2712 ||| STAIRDANCE
  2718 | D:3      | HP: 6/25 [Duvessa/+0 rapier (4)]
  2719 | D:3      | 2719 ||| READING 2 scrolls of teleportation.
  2722 | D:3      | 2722 ||| READING scroll of teleportation.
  2722 | D:3      | Slain by Duvessa

Levels and vault maps discovered:
D:1:      dpeg_arrival_tiny_a, layout_basic, minivault_14
D:2:      layout_basic
D:3:      layout_loops_corners, nicolae_ru_great_annihilating_truth
D:4:      nicolae_BIG_FREAKIN_CUBE, layout_rooms,
          nicolae_overflow_hidden_temple, minmay_temple_entry_nine_rooms,
          uniq_natasha, uniq_duvessa

Skill      XL: |  1  2  3  4 |
---------------+-------------+-----
Ranged Weapons | 6 7 8 |  8.0
Fighting       | |  1.5
Dodging        | |  2.5
Stealth        | |  1.2

Action                     |  1- 3 |  4- 6 || total
---------------------------+-------+-------++-------
   Fire: Shortbow          |   118 |    48 ||   166
    Use: Scroll            |     9 |     3 ||    12
 Armour: Leather armour    |    24 |     2 ||    26
         Ring mail         |       |    26 ||    26
  Dodge: Dodged            |    26 |    18 ||    44

Table legend:
 A = Non-vault XP
 B = Vault XP
 C = Vault XP percentage of total XP
 D = Non-vault monster count
 E = Vault monster count
 F = Vault count percentage of total count
                 A         B        C        D         E       F
            +---------+---------+-------+---------+---------+-------
      Total |     149 |       6 |   3.9 |      59 |       4 |   6.3
            +---------+---------+-------+---------+---------+-------
        D:1 |      42 |       0 |   0.0 |      23 |       0 |   0.0
        D:2 |      41 |       0 |   0.0 |      16 |       0 |   0.0
        D:3 |      66 |       6 |   8.3 |      20 |       4 |  16.7
            +---------+---------+-------+---------+---------+-------
